 Dungeon Crawl Stone Soup version 0.23.2-1-ga50397a (webtiles) character file.

Game seed: 2534574148239154314

20466 dengdeng the Protected (level 12, -4/110 HPs)
             Began as a Minotaur Berserker on Apr 25, 2019.
             Was a High Priest of Trog.
             Killed from afar by a hell hound (17 damage)
             ... with a blast of flame
             ... led by Azrael
             ... on level 12 of the Dungeon.
             The game lasted 00:51:03 (13527 turns).

dengdeng the Protected (Minotaur Berserker)        Turns: 13527, Time: 00:51:04

Health: -4/110     AC: 24    Str: 29    XL:     12   Next: 45%
Magic:  3/3        EV: 14    Int:  4    God:    Trog [*****.]
Gold:   733        SH:  0    Dex: 11    Spells: 11/11 levels left

rFire    . . .     SeeInvis .   o - +5 great mace (antimagic)
rCold    . . .     Gourm    .   (shield currently unavailable)
rNeg     . . .     Faith    .   i - +4 plate armour
rPois    .         Spirit   .   (helmet restricted)
rElec    .         Reflect  .   (no cloak)
rCorr    .         Harm     .   Y - +1 pair of gloves
MR       .....                  A - +0 pair of boots
Stlth    ..........             (no amulet)
HPRegen  0.28/turn              S - +5 ring of evasion
MPRegen  0.08/turn              y - +3 ring of strength

@: no status effects
A: retaliatory headbutt, horns 2
a: Berserk, Trog's Hand, Brothers in Arms, Renounce Religion


You were on level 12 of the Dungeon.
You worshipped Trog.
Trog was extremely pleased with you.
You were not hungry.

You visited 1 branch of the dungeon, and saw 12 of its levels.
You also visited: Sewer.

You collected 838 gold pieces.
You spent 105 gold pieces at shops.

Inventory:

Hand Weapons
 n - a +0 morningstar
 o - a +5 antimagic great mace (weapon)
 H - a +1 falchion of draining
 U - a +0 war axe
Missiles
 e - 330 stones (quivered)
 D - 2 javelins of returning
 E - 6 poisoned tomahawks
 Q - 10 javelins
 X - 4 tomahawks of returning
 Z - 9 tomahawks
Armour
 i - a +4 plate armour (worn)
 x - a +0 shield
 A - a +0 pair of boots (worn)
 Y - a +1 pair of gloves (worn)
Jewellery
 t - an uncursed ring of protection from magic
 y - a +3 ring of strength (right hand)
 S - a +5 ring of evasion (left hand)
Scrolls
 b - 3 scrolls of immolation {unknown}
 d - a scroll of amnesia {unknown}
 f - 2 scrolls of enchant weapon {unknown}
 g - 4 scrolls of identify
 q - a scroll of noise {unknown}
 r - 4 scrolls of remove curse
 s - 3 scrolls of blinking {unknown}
 C - 2 scrolls of fear {unknown}
 F - a scroll of holy word {unknown}
 N - 3 scrolls of fog {unknown}
 T - 2 scrolls of torment {unknown}
 V - a scroll of random uselessness {unknown}
Potions
 a - 4 potions of lignification {unknown}
 k - 6 potions of flight
 l - 4 potions of curing {unknown}
 m - 2 potions of mutation {unknown}
 p - 2 potions of agility {unknown}
 u - a potion of brilliance {unknown}
 v - 2 potions of berserk rage {unknown}
 w - 2 potions of cancellation {unknown}
 z - 2 potions of haste {unknown}
 B - 2 potions of resistance {unknown}
 I - a potion of magic {unknown}
 J - 2 potions of heal wounds {unknown}
 K - 4 potions of might {unknown}
 L - a potion of degeneration {unknown}
 R - 2 potions of invisibility {unknown}
Comestibles
 c - 25 rations


   Skills:
 + Level 11.0 Fighting
 + Level 11.8 Long Blades
 + Level 5.2(8.4) Axes
 + Level 10.1(10.6) Maces & Flails
 + Level 1.0 Throwing
 + Level 14.2 Armour
 + Level 3.3 Dodging
 + Level 1.4 Stealth
 + Level 5.0 Shields


You had 11 spell levels left.
You didn't know any spells.
Your spell library was empty.

Dungeon Overview and Level Annotations

Branches:
Dungeon (12/15)            Temple (0/1) D:4            Lair (0/6) D:10
    Orc: D:9-12

Altars:
Ashenzari
Cheibriados
Dithmenos
Fedhas
Hepliaklqana
Nemelex Xobeh
Trog
Uskayaw
Vehumet
Yredelemnul

Shops:
D:5 %   D:8 =   D:12 *

Annotations:
D:12 Azrael


Innate Abilities, Weirdness & Mutations

You reflexively headbutt those who attack you in melee.
You have a pair of horns on your head.


Message History

The fire elemental hits you. The fire elemental burns you!
* * * LOW HITPOINT WARNING * * *
You see here an ugly thing skeleton.
The hell hound breathes flames at you.
The blast of flame hits the hell hound.
The hell hound completely resists.
The blast of flame hits you.
* * * LOW HITPOINT WARNING * * *
The hell hound bites you but does no damage.
The hell hound closely misses you. The hell hound breathes flames at you.
The blast of flame hits the hell hound.
The hell hound completely resists.
The blast of flame hits you!
* * * LOW HITPOINT WARNING * * *
The hell hound barely misses you.
The hell hound bites you but does no damage.
An orc comes into view.
The orc shouts!
The hell hound breathes flames at you. The blast of flame hits you!
You die...

..≈ ......Y..... ..≈≈ ...##≈≈...[
§.≈≈ ...#.≈≈.)..
§.≈≈#####################'.≈≈Y...
..≈≈≈≈≈≈≈≈≈≈≈≈≈≈≈≈≈≈≈≈≈≈≈≈≈8≈Y..#
..≈≈≈≈≈≈≈≈§≈≈≈≈≈≈≈≈≈≈≈≈≈≈≈≈≈8..##
.........E○E................[..#
........○○#..h.h............####
........°.##.#hh@..<...o....#
......∩.h..#..###.....).#.#.#
...........#..##.........#..#
>......°#.######.........#.##
.....u...#.# #.........#.#
...R.....### #..#....#.##.
...○..#...# #..##.....#.#.
...☼.####.# ##. #...##.#..
....☼E#.### # #...# ##...


You could see 2 fire elementals, 4 hell hounds and an orc.

Vanquished Creatures
  A yaktaur captain (D:11)
  Harold (D:8)
  2 hydras (D:11)
  3 two-headed ogres
  A flayed ghost (D:11)
  An unseen horror (D:11)
  A wolf spider (D:11)
  A manticore (D:11)
  2 ugly things
  Psyche (D:11)
  A kobold demonologist (D:11)
  A komodo dragon (D:11)
  A troll (D:11)
  Prince Ribbit (D:8)
  Grinder (D:5)
  2 hippogriffs
  A shadow (D:11)
  Sigmund (D:6)
  A fire elemental (D:12)
  13 yaks
  3 wyverns
  A human (shapeshifter) (D:11)
  A human (D:7)
  Grum (D:8)
  A basilisk (D:11)
  4 hogs (D:7)
  3 wraiths (D:7)
  2 hungry ghosts
  A porcupine (D:10)
  Duvessa (D:6)
  6 orc warriors
  5 sky beasts
  4 black bears
  A phantom (D:4)
  4 ogres
  2 necrophages (D:7)
  3 wolves (D:8)
  10 centaurs
  A crocodile (D:11)
  3 big kobolds
  Blork the orc (D:6)
  7 bullfrogs
  Dowan (D:6)
  3 wyvern skeletons
  A troll zombie (D:7)
  7 scorpions
  6 killer bees (D:6)
  A wight (D:7)
  2 electric eels (D:12)
  4 howler monkeys
  3 crimson imps
  A lava snake (D:12)
  2 bullfrog zombies
  4 human zombies (D:7)
  8 hounds
  A jelly (D:5)
  8 orc priests
  A centaur skeleton (D:11)
  Ijyb (D:5)
  Natasha (twice) (D:4)
  A bullfrog skeleton (D:7)
  A human skeleton (D:7)
  5 iguanas
  10 orc wizards
  10 worker ants
  A merfolk siren (Sewer)
  A merfolk avatar (Sewer)
  A hound zombie (D:8)
  A hound skeleton (D:9)
  4 gnolls (D:2)
  16 adders
  6 shadow imps
  2 oozes
  2 adder skeletons
  An adder zombie (D:6)
  2 worms
  5 dart slugs
  6 leopard geckos
  25 orcs
  12 ball pythons
  6 giant cockroaches
  5 goblins
  8 hobgoblins
  16 jackals
  6 quokkas
  8 bats
  9 frilled lizards
  3 jackal zombies
  18 kobolds
  35 rats
384 creatures vanquished.

Vanquished Creatures (others)
  A jelly (D:12)
  A frilled lizard (D:2)
2 creatures vanquished.

Grand Total: 386 creatures vanquished

Notes
Turn   | Place    | Note
-------+----------+-------------------------------------------
     0 | D:1      | dengdeng the Minotaur Berserker began the quest for the
                  | Orb.
     0 | D:1      | Reached XP level 1. HP: 19/19 MP: 0/0
    91 | D:1      | Reached XP level 2. HP: 23/27 MP: 1/1
   662 | D:2      | Reached XP level 3. HP: 32/33 MP: 2/2
   677 | D:2      | Reached skill level 3 in Armour
   677 | D:2      | Reached XP level 4. HP: 4/40 MP: 3/3
   748 | D:2      | Reached ** piety under Trog
  1159 | D:2      | Found a blossoming altar of Fedhas.
  1168 | D:2      | Reached skill level 5 in Axes
  1955 | D:3      | Reached XP level 5. HP: 44/46 MP: 4/4
  2125 | D:3      | Reached skill level 1 in Maces & Flails
  2657 | D:3      | Reached skill level 4 in Armour
  3379 | D:4      | Found a hide-covered altar of Uskayaw.
  3439 | D:4      | Reached XP level 6. HP: 49/53 MP: 5/5
  3553 | D:4      | Reached skill level 5 in Armour
  3586 | D:4      | Noticed Natasha
  3591 | D:4      | Killed Natasha
  3591 | D:4      | Reached *** piety under Trog
  3598 | D:4      | Found a hazy altar of Hepliaklqana.
  3650 | D:4      | Found a staircase to the Ecumenical Temple.
  4062 | D:4      | Found the ring of the Mage {Wiz MR++ Int+3}
  4152 | D:4      | Reached skill level 5 in Fighting
  4233 | D:4      | Noticed Natasha
  4236 | D:4      | Killed Natasha
  4236 | D:4      | Reached XP level 7. HP: 61/61 MP: 6/6
  4357 | D:5      | Entered Level 5 of the Dungeon
  4395 | D:5      | Found a shattered altar of Ashenzari.
  4396 | D:5      | Found Gatwuxegis's Food Boutique.
  4424 | D:5      | Reached skill level 6 in Armour
  4540 | D:5      | Found a glowing drain.
  4561 | Sewer    | Entered a sewer
  4661 | Sewer    | Reached skill level 5 in Maces & Flails
  4664 | Sewer    | Received a gift from Trog
  4777 | Sewer    | Reached **** piety under Trog
  4848 | Sewer    | Reached skill level 1 in Throwing
  4918 | Sewer    | Received a gift from Trog
  5276 | D:5      | Noticed Ijyb
  5284 | D:5      | Killed Ijyb
  5370 | D:5      | Noticed Grinder
  5399 | D:5      | Paralysed by Grinder for 7 turns
  5411 | D:5      | Killed Grinder
  5411 | D:5      | Reached skill level 7 in Armour
  5411 | D:5      | Reached XP level 8. HP: 54/70 MP: 7/7
  5786 | D:6      | Noticed Blork the orc
  5789 | D:6      | Killed Blork the orc
  5965 | D:6      | Noticed Sigmund
  5972 | D:6      | Killed Sigmund
  5972 | D:6      | Reached skill level 1 in Long Blades
  5972 | D:6      | Reached skill level 8 in Armour
  6133 | D:6      | Found a bloodstained altar of Trog.
  6190 | D:6      | Noticed Duvessa
  6191 | D:6      | Noticed Dowan
  6200 | D:6      | Killed Duvessa
  6200 | D:6      | Reached skill level 9 in Armour
  6204 | D:6      | Killed Dowan
  6385 | D:6      | Reached XP level 9. HP: 61/78 MP: 8/8
  6392 | D:6      | Reached ***** piety under Trog
  6976 | D:7      | Reached skill level 10 in Armour
  6992 | D:7      | Reached skill level 5 in Long Blades
  7648 | D:7      | Reached skill level 11 in Armour
  7731 | D:7      | Found a basalt altar of Yredelemnul.
  7740 | D:7      | Received a gift from Trog
  7899 | D:7      | Reached XP level 10. HP: 81/86 MP: 9/9
  8140 | D:8      | Noticed Grum
  8155 | D:8      | Killed Grum
  8266 | D:8      | Noticed Harold
  8267 | D:8      | Noticed Prince Ribbit
  8275 | D:8      | Killed Harold
  8277 | D:8      | Killed Prince Ribbit
  8277 | D:8      | Reached skill level 12 in Armour
  8625 | D:8      | Got a slimy dagger
  8626 | D:8      | Identified the cursed +3 dagger "Newtslayer" {freeze, +Rage
                  | MP+9 SInv} (You found it on level 8 of the Dungeon)
  8827 | D:8      | Found Nebiwnam's Jewellery Shoppe.
  9501 | D:9      | Found a snail-covered altar of Cheibriados.
  9501 | D:9      | Found a sparkling altar of Nemelex Xobeh.
  9502 | D:9      | Found a shadowy altar of Dithmenos.
  9778 | D:10     | Entered Level 10 of the Dungeon
  9788 | D:10     | Reached XP level 11. HP: 75/97 MP: 10/10
  9860 | D:10     | Reached skill level 10 in Long Blades
  9917 | D:10     | Noticed a two-headed ogre
  9928 | D:10     | Killed a two-headed ogre
 10412 | D:10     | Reached skill level 1 in Shields
 10506 | D:10     | Found a staircase to the Lair.
 10715 | D:11     | Noticed a two-headed ogre
 10761 | D:10     | Killed a two-headed ogre
 10793 | D:11     | Reached skill level 13 in Armour
 10918 | D:11     | Noticed a two-headed ogre
 10925 | D:11     | Killed a two-headed ogre
 10944 | D:11     | Noticed a wolf spider
 10957 | D:11     | Found a large runed translucent door.
 10995 | D:11     | Reached skill level 10 in Fighting
 11005 | D:11     | Killed a wolf spider
 11042 | D:11     | Received a gift from Trog
 11055 | D:11     | Noticed a six-headed hydra
 11073 | D:11     | Killed a six-headed hydra
 11078 | D:11     | Killed an unseen horror
 11411 | D:11     | Found a large runed translucent door.
 11458 | D:11     | Noticed a seven-headed hydra
 11465 | D:11     | Killed a seven-headed hydra
 11493 | D:11     | Reached skill level 5 in Shields
 11748 | D:11     | Noticed Psyche
 11758 | D:11     | Killed Psyche
 11758 | D:11     | Reached XP level 12. HP: 74/106 MP: 3/11
 12243 | D:11     | Reached skill level 1 in Stealth
 12341 | D:11     | Reached skill level 14 in Armour
 12342 | D:11     | Noticed a yaktaur captain
 12350 | D:11     | Killed a yaktaur captain
 12351 | D:11     | Found a snail-covered altar of Cheibriados.
 12523 | D:11     | Found a radiant altar of Vehumet.
 13017 | D:12     | Found Buucobrir's General Store.
 13027 | D:12     | Reached skill level 10 in Maces & Flails
 13377 | D:12     | Bought a scroll of enchant armour for 105 gold pieces
 13509 | D:12     | Noticed Azrael
 13527 | D:12     | Killed from afar by a hell hound

Skill      XL: |  1  2  3  4  5  6  7  8  9 10 11 12 |
---------------+-------------------------------------+-----
Axes           | 4 5 |  5.2
Fighting       | 4 5 6 7 9 10 11 | 11.0
Armour         | 3 4 5 7 9 11 12 13 14 | 14.2
Maces & Flails | 2 4 6 7 8 10 | 10.1
Throwing       | 1 |  1.0
Long Blades    | 3 6 9 11 | 11.8
Dodging        | 3 |  3.3
Shields        | 5 |  5.0
Stealth        | 1 |  1.4

Action                   |  1- 3 |  4- 6 |  7- 9 | 10-12 || total
-------------------------+-------+-------+-------+-------++-------
Melee: Hand axe          |    60 |    37 |       |       ||    97
       Headbutt          |    10 |    25 |    89 |   156 ||   280
       Morningstar       |       |   143 |   122 |    22 ||   287
       Falchion          |       |       |   255 |   336 ||   591
       Great mace        |       |       |       |   132 ||   132
Throw: Stone             |     9 |    13 |     8 |       ||    30
       Tomahawk          |       |     1 |       |     1 ||     2
Invok: Berserk           |       |       |     3 |     6 ||     9
  Use: Scroll            |       |       |     3 |     8 ||    11
  Eat: Chunk             |       |    11 |     9 |    20 ||    40
       Ration            |       |       |     3 |     1 ||     4
Armor: Animal skin       |     1 |       |       |       ||     1
       Plate armour      |    25 |   158 |   276 |   312 ||   771
       Scale mail        |     6 |       |       |       ||     6
Dodge: Dodged            |    47 |    88 |   201 |   311 ||   647
Block: Shield            |       |       |       |   120 ||   120
       Rpst.: Falchion   |       |       |    38 |    51 ||    89
